 Dungeon Crawl Stone Soup version 0.17.1-3-g152610e (webtiles) character file.

149 WarriorsX the Conjurer (level 5, -3/31 HPs)
             Began as a High Elf Wizard on Mar 5, 2016.
             Killed from afar by Ijyb (12 damage)
             ... with a wand of magic darts
             ... on level 3 of the Dungeon.
             The game lasted 00:09:43 (3545 turns).

WarriorsX the Conjurer (High Elf Wizard)            Turns: 3545, Time: 00:09:43

Health: -3/31      AC:  2    Str:  6    XL:     5   Next: 9%
Magic:  1/12       EV: 12    Int: 23    God:
Gold:   130        SH:  0    Dex: 13    Spells: 1 memorised, 12 levels left

rFire  . . .     SeeInvis .     (no weapon)
rCold  . . .     Clarity  .     a - +0 robe
rNeg   . . .     SustAt   .     (no shield)
rPois  .         Gourm    .     b - +0 hat
rElec  .         Spirit   .     (no cloak)
rCorr  .         Warding  .     (no gloves)
rMut   .         Stasis   .     (no boots)
MR     .....                    (no amulet)
Stlth  ++........               (no ring)
                                (no ring)

@: not resistant to hostile enchantments, unstealthy
A: no striking features
a: no special abilities


You were on level 3 of the Dungeon.
You were not hungry.

You visited 1 branch of the dungeon, and saw 4 of its levels.

You collected 130 gold pieces.

Inventory:

Armour
 a - a +0 robe (worn)
 b - a +0 hat (worn)
 r - a fire dragon hide
Jewellery
 n - an uncursed amulet of resist corrosion {unknown}
Scrolls
 e - 2 scrolls of remove curse {unknown}
 h - a scroll of amnesia {unknown}
 i - a scroll of teleportation {unknown}
 m - a scroll of blinking {unknown}
 o - a scroll of noise {unknown}
 p - a scroll of fear {unknown}
 q - 2 scrolls of identify {unknown}
Potions
 g - a potion of invisibility
 k - a potion of agility {unknown}
 l - 2 potions of degeneration {unknown}
Books
 c - a book of Minor Magic

   Spells                             Type                      Level
   a - Magic Dart                     Conjuration                  1
   b - Blink                          Translocation                2
   c - Call Imp                       Summoning                    2
   d - Repel Missiles                 Charms/Air                   2
   e - Slow                           Hexes                        2
   f - Conjure Flame                  Conjuration/Fire             3
   g - Mephitic Cloud                 Conjuration/Poison/Air       3
Comestibles
 d - 3 bread rations
 f - 4 meat rations
 j - a beef jerky
 s - a chunk of flesh
 t - 5 fruits


   Skills:
 - Level 0.2 Fighting
 - Level 2.1 Dodging
 - Level 2.1 Stealth
 - Level 4.5 Spellcasting
 * Level 4.7 Conjurations
   Level 0.8 Summonings
   Level 1.1 Translocations


You had 12 spell levels left.
You knew the following spells:

 Your Spells              Type           Power        Failure   Level  Hunger
a - Magic Dart            Conj           ####         1%          1    None


Dungeon Overview and Level Annotations

Branches:
Dungeon (4/15)
 Temple: D:4-7

Altars:
Gozag
Ru
Trog

Annotations:
D:2 Sigmund
D:3 Ijyb


Message History

Ijyb is severely wounded.
Ijyb zaps a wand.
The magic dart hits you!
Casting: Magic Dart
Confirm with . or Enter, or press ? or * to list all spells.
Aiming: Magic Dart
Press: ? - help, Shift-Dir - straight line, f/p - Ijyb
Aim: Ijyb, wielding a dagger of protection and carrying a wand of magic darts {zapped: 2} (severely wounded)
The magic dart hits Ijyb.
Ijyb is almost dead.
Ijyb zaps a wand.
The magic dart hits you!
* * * LOW HITPOINT WARNING * * *
Casting: Magic Dart
Confirm with . or Enter, or press ? or * to list all spells.
Aiming: Magic Dart
Press: ? - help, Shift-Dir - straight line, f/p - Ijyb
Aim: Ijyb, wielding a dagger of protection and carrying a wand of magic darts {zapped: 3} (almost dead)
The magic dart hits Ijyb.
Ijyb is almost dead.
Ijyb zaps a wand.
The magic dart hits you!
You die...

####### ....... .......
### ....... ...### .......
...# !...... #.###
.......#####>..######### #
#..g@................
.##..............†.....
.##.<......PP#####..#'##..
...##..#######...#..#..#..
##.....#.)#..#...#.P#..#..
.......#.[#..###'#..####..
.......#'##)##(.).........
###..........⌠).).......
#........)(..###'#.P..


You could see Ijyb.

Vanquished Creatures
  A worker ant (D:3)
  5 adders
  A worm (D:3)
  5 orcs (D:3)
  A ball python (D:3)
  2 bats
  10 goblins
  7 hobgoblins
  4 quokkas
  5 giant cockroaches
  2 giant newts
  8 jackals
  12 kobolds
  9 rats
72 creatures vanquished.

Notes
Turn   | Place    | Note
--------------------------------------------------------------
     0 | D:1      | WarriorsX the High Elf Wizard began the quest for the Orb.
     0 | D:1      | Reached XP level 1. HP: 11/11 MP: 6/6
   381 | D:1      | Reached XP level 2. HP: 17/17 MP: 1/7
   616 | D:1      | Reached skill level 4 in Spellcasting
  1484 | D:2      | Found an opulent altar of Gozag.
  1523 | D:2      | Noticed Sigmund
  1611 | D:2      | Found a sacrificial altar of Ru.
  1682 | D:2      | Reached XP level 3. HP: 16/21 MP: 2/9
  1832 | D:2      | Found a bloodstained altar of Trog.
  1880 | D:2      | Found a bloodstained altar of Trog.
  2431 | D:3      | Reached XP level 4. HP: 27/27 MP: 7/11
  3341 | D:3      | Reached XP level 5. HP: 19/31 MP: 3/12
  3533 | D:3      | Noticed Ijyb
  3545 | D:3      | Killed from afar by Ijyb

Action                   |  1- 3 |  4- 6 || total
-------------------------+-------+-------++-------
Melee: Unarmed           |     1 |     1 ||     2
 Cast: Magic Dart        |   105 |    91 ||   196
  Eat: Chunk             |     4 |     4 ||     8
